TOP OF THE 1ST |
Lehigh Valley IronPigs batting - Pitching for Reno Aces : RHP Sean Hartgrove
|
Pitching: RHP Sean Hartgrove
|
|
Batting: RHB Joe Smack
|
0-0: Ball 1-0: Ground out 5-3 (Groundball, 56, EV 92.5 MPH)
|
Batting: LHB Theodore Conboy
|
0-0: Fly out, F8 (Flyball, 78M, EV 80.6 MPH)
|
Batting: RHB Quintin Parker
|
0-0: Ball 1-0: Foul Ball, location: 2F 1-1: Hit by Pitch
|
Batting: LHB Jose Carlos
|
0-0: Called Strike 0-1: Swinging Strike 0-2: Strikes out swinging
|
Top of the 1st over - 0 runs, 0 hits, 0 errors, 1 left on base; Lehigh Valley 0 - Reno 0 |
BOTTOM OF THE 1ST |
Reno Aces batting - Pitching for Lehigh Valley IronPigs : RHP William-Floyd Goof
|
Pitching: RHP William-Floyd Goof
|
|
Batting: SHB Carlos Rodriguez
|
0-0: Ball 1-0: Ball 2-0: Ball 3-0: Called Strike 3-1: Foul Ball, location: 2F 3-2: Base on Balls
|
Batting: LHB Kyle Beaulieu
|
0-0: Ball 1-0: Fielders Choice at 2nd, 6-4 (Groundball, 56, EV 86.2 MPH)
|
Batting: RHB Ji-an Li
|
0-0: Ball 1-0: Foul Ball, location: 2F 1-1: Ball 2-1: Ball 3-1: Foul Ball, location: 2F 3-2: Foul Ball, location: 2F 3-2: Strikes out swinging Kyle Beaulieu is caught stealing 2nd base 2-4 Batter strikes out.
|
Bottom of the 1st over - 0 runs, 0 hits, 0 errors, 0 left on base; Lehigh Valley 0 - Reno 0 |
TOP OF THE 2ND |
Lehigh Valley IronPigs batting - Pitching for Reno Aces : RHP Sean Hartgrove
|
Now in CF: Roberto Rodriguez
|
|
Batting: RHB Jesus Galvan
|
0-0: Called Strike 0-1: Ball 1-1: SINGLE (Line Drive, 34D, EV 106.2 MPH)
|
Batting: LHB Mike Davis
|
0-0: Called Strike 0-1: Foul Ball, location: 2F 0-2: SINGLE (Line Drive, 9S, EV 100.6 MPH) Jesus Galvan to second
|
Batting: RHB Moritake Fukumoto
|
0-0: Called Strike 0-1: Foul Ball, location: 2F 0-2: Fly out, F7 (Line Drive, 78S, EV 87.5 MPH)
|
Batting: SHB Benjamin Brown
|
0-0: Ball 1-0: Called Strike 1-1: Ball Wild Pitch! Jesus Galvan to third Mike Davis to second 2-1: Ball 3-1: Base on Balls
|
Batting: RHB Charles Marcel
|
0-0: Called Strike 0-1: Foul Ball, location: 2F 0-2: Foul Ball, location: 2F 0-2: Ball 1-2: Fielders Choice at 2nd, 5-4 (Groundball, 5, EV 87.5 MPH) Jesus Galvan scores Mike Davis to third
|
Batting: RHB Joe Smack
|
0-0: Foul Ball, location: 2F 0-1: Called Strike 0-2: Strikes out swinging
|
Top of the 2nd over - 1 run, 2 hits, 0 errors, 2 left on base; Lehigh Valley 1 - Reno 0 |
BOTTOM OF THE 2ND |
Reno Aces batting - Pitching for Lehigh Valley IronPigs : RHP William-Floyd Goof
|
Batting: RHB Seth Tramontano
|
0-0: Called Strike 0-1: Ball 1-1: Called Strike 1-2: Strikes out swinging
|
Batting: LHB Ian Jarvis
|
0-0: Ball 1-0: Foul Ball, location: 2F 1-1: Called Strike 1-2: Strikes out looking
|
Batting: LHB Steve Reinhart
|
0-0: Fly out, F5 (Flyball, 5D, EV 89.4 MPH)
|
Bottom of the 2nd over - 0 runs, 0 hits, 0 errors, 0 left on base; Lehigh Valley 1 - Reno 0 |
TOP OF THE 3RD |
Lehigh Valley IronPigs batting - Pitching for Reno Aces : RHP Sean Hartgrove
|
Batting: LHB Theodore Conboy
|
0-0: Ball 1-0: Ball 2-0: Called Strike 2-1: Ground out 4-3 (Groundball, 34, EV 90.0 MPH)
|
Batting: RHB Quintin Parker
|
0-0: Ball 1-0: Ball 2-0: Ball 3-0: Called Strike 3-1: Called Strike 3-2: Base on Balls
|
Batting: LHB Jose Carlos
|
0-0: Ball 1-0: Called Strike 1-1: Swinging Strike 1-2: Ball 2-2: Strikes out swinging
|
Batting: RHB Jesus Galvan
|
0-0: Foul Ball, location: 2F 0-1: Ball 1-1: Ball 2-1: Foul Ball, location: 2F 2-2: Strikes out swinging
|
Top of the 3rd over - 0 runs, 0 hits, 0 errors, 1 left on base; Lehigh Valley 1 - Reno 0 |
BOTTOM OF THE 3RD |
Reno Aces batting - Pitching for Lehigh Valley IronPigs : RHP William-Floyd Goof
|
Batting: RHB Marlon Reda
|
0-0: Ball 1-0: Swinging Strike 1-1: Ground out U3 (Groundball, 34S, EV 64.4 MPH)
|
Batting: RHB Xavier Castellanos
|
0-0: Ground out 5-3 (Groundball, 56, EV 92.5 MPH)
|
Batting: RHB Danny Gerardo
|
0-0: Called Strike 0-1: Ball 1-1: Ball 2-1: Foul Ball, location: 2F 2-2: Foul Ball, location: 2F 2-2: Strikes out looking
|
Bottom of the 3rd over - 0 runs, 0 hits, 0 errors, 0 left on base; Lehigh Valley 1 - Reno 0 |
TOP OF THE 4TH |
Lehigh Valley IronPigs batting - Pitching for Reno Aces : RHP Sean Hartgrove
|
Batting: LHB Mike Davis
|
0-0: Ball 1-0: Foul Ball, location: 2F 1-1: Ground out 6-3 (Groundball, 56, EV 111.2 MPH)
|
Batting: RHB Moritake Fukumoto
|
0-0: Called Strike 0-1: Foul Ball, location: 2F 0-2: Ball 1-2: Ground out 5-3 (Groundball, 56, EV 103.1 MPH)
|
Batting: SHB Benjamin Brown
|
0-0: Ball 1-0: Swinging Strike 1-1: Swinging Strike 1-2: Ball 2-2: Strikes out swinging
|
Top of the 4th over - 0 runs, 0 hits, 0 errors, 0 left on base; Lehigh Valley 1 - Reno 0 |
BOTTOM OF THE 4TH |
Reno Aces batting - Pitching for Lehigh Valley IronPigs : RHP William-Floyd Goof
|
Batting: RHB Roberto Rodriguez
|
0-0: Ball 1-0: Ball 2-0: SINGLE (Line Drive, 9LS, EV 105.0 MPH)
|
Batting: LHB Kyle Beaulieu
|
0-0: Ball 1-0: Called Strike 1-1: Foul Ball, location: 2F 1-2: Ball 2-2: Ball 3-2: Base on Balls Roberto Rodriguez to second
|
Batting: RHB Ji-an Li
|
0-0: Swinging Strike 0-1: Foul Ball, location: 2F 0-2: Foul Ball, location: 2F 0-2: Foul Ball, location: 2F 0-2: Ball 1-2: Strikes out swinging
|
Batting: RHB Seth Tramontano
|
0-0: Ball 1-0: Ball 2-0: Called Strike 2-1: Ball 3-1: Foul Ball, location: 2F 3-2: Fly out, F9 (Flyball, 89S, EV 88.1 MPH)
|
Batting: LHB Ian Jarvis
|
0-0: Ball 1-0: Ball 2-0: Ball 3-0: Base on Balls Roberto Rodriguez to third Kyle Beaulieu to second
|
Batting: LHB Steve Reinhart
|
0-0: Ball 1-0: Called Strike 1-1: Swinging Strike 1-2: Strikes out swinging
|
Bottom of the 4th over - 0 runs, 1 hit, 0 errors, 3 left on base; Lehigh Valley 1 - Reno 0 |
TOP OF THE 5TH |
Lehigh Valley IronPigs batting - Pitching for Reno Aces : RHP Sean Hartgrove
|
Batting: RHB Charles Marcel
|
0-0: Called Strike 0-1: Called Strike 0-2: Ball 1-2: SINGLE (Line Drive, 78M, EV 89.4 MPH)
|
Batting: RHB Joe Smack
|
0-0: Called Strike 0-1: Foul Ball, location: 2F 0-2: Ball 1-2: Fielders Choice at 2nd, 6-4 (Groundball, 56, EV 110.0 MPH)
|
Batting: LHB Theodore Conboy
|
0-0: Foul Ball, location: 2F 0-1: Ball Joe Smack steals 2nd base 1-1: Ball 2-1: Ball 3-1: Base on Balls
|
Batting: RHB Quintin Parker
|
0-0: Ball 1-0: Fielders Choice at 2nd, 1-4 (Groundball, 15S, EV 75.0 MPH) Joe Smack to third
|
Batting: LHB Jose Carlos
|
0-0: Swinging Strike 0-1: Foul Ball, location: 2F 0-2: Ball 1-2: Ball 2-2: Foul Ball, location: 2F 2-2: Foul Ball, location: 2F 2-2: Ground out 4-3 (Groundball, 4MS, EV 85.0 MPH)
|
Top of the 5th over - 0 runs, 1 hit, 0 errors, 2 left on base; Lehigh Valley 1 - Reno 0 |
BOTTOM OF THE 5TH |
Reno Aces batting - Pitching for Lehigh Valley IronPigs : RHP William-Floyd Goof
|
Batting: RHB Marlon Reda
|
0-0: Swinging Strike 0-1: Foul Ball, location: 2F 0-2: Ball 1-2: Foul Ball, location: 2F 1-2: Reached via error on a dropped throw from 1B, E1 (Groundball, 13, EV 86.2 MPH)
|
Batting: RHB Xavier Castellanos
|
0-0: Swinging Strike 0-1: Fielders Choice at 2nd, 3-6 (Groundball, 3, EV 105.0 MPH)
|
Batting: RHB Danny Gerardo
|
0-0: Called Strike 0-1: Ball 1-1: Ball 2-1: Foul Ball, location: 2F 2-2: Foul Ball, location: 2F 2-2: Foul Ball, location: 2F 2-2: Strikes out swinging
|
Batting: RHB Roberto Rodriguez
|
0-0: Swinging Strike 0-1: Ball 1-1: Ball Wild Pitch! Xavier Castellanos to second 2-1: Swinging Strike 2-2: Ball 3-2: Foul Ball, location: 2F 3-2: Base on Balls
|
Batting: LHB Kyle Beaulieu
|
0-0: Foul Ball, location: 2F 0-1: Ball 1-1: Ball 2-1: Ball 3-1: Foul Ball, location: 2F 3-2: Fly out, F9 (Flyball, 9, EV 82.5 MPH)
|
Bottom of the 5th over - 0 runs, 0 hits, 1 error, 2 left on base; Lehigh Valley 1 - Reno 0 |
TOP OF THE 6TH |
Lehigh Valley IronPigs batting - Pitching for Reno Aces : RHP Sean Hartgrove
|
Batting: RHB Jesus Galvan
|
0-0: Ground out 5-3 (Groundball, 56S, EV 82.5 MPH)
|
Pitching: RHP Jarrod Kenny
|
|
Batting: LHB Mike Davis
|
0-0: Ball 1-0: Ball 2-0: Ball 3-0: Called Strike 3-1: Called Strike 3-2: Foul Ball, location: 2F 3-2: Strikes out looking
|
Batting: RHB Moritake Fukumoto
|
0-0: Foul Ball, location: 2F 0-1: Called Strike 0-2: Ball 1-2: Foul Ball, location: 2F 1-2: Ball 2-2: Foul Ball, location: 2F 2-2: Foul Ball, location: 2F 2-2: Ball 3-2: Strikes out swinging
|
Top of the 6th over - 0 runs, 0 hits, 0 errors, 0 left on base; Lehigh Valley 1 - Reno 0 |
BOTTOM OF THE 6TH |
Reno Aces batting - Pitching for Lehigh Valley IronPigs : RHP William-Floyd Goof
|
Batting: RHB Ji-an Li
|
0-0: Ball 1-0: Called Strike 1-1: Ball 2-1: Foul Ball, location: 2F 2-2: Ball 3-2: Strikes out looking
|
Batting: RHB Seth Tramontano
|
0-0: Fly out, F9 (Flyball, 89XD, EV 85.0 MPH)
|
Batting: LHB Ian Jarvis
|
0-0: Ground out 6-3 (Groundball, 6, EV 90.0 MPH)
|
Bottom of the 6th over - 0 runs, 0 hits, 0 errors, 0 left on base; Lehigh Valley 1 - Reno 0 |
TOP OF THE 7TH |
Lehigh Valley IronPigs batting - Pitching for Reno Aces : RHP Jarrod Kenny
|
Pitching: RHP Jose Fernandez
|
|
Batting: SHB Benjamin Brown
|
0-0: Ball 1-0: Called Strike 1-1: Ball 2-1: Ground out 5-3 (Groundball, 56, EV 85.0 MPH)
|
Batting: RHB Charles Marcel
|
0-0: Called Strike 0-1: Ball 1-1: Fly out, F6 (Popup, 15S, EV 96.2 MPH)
|
Batting: RHB Joe Smack
|
0-0: Ball 1-0: Foul Ball, location: 2F 1-1: Ground out 6-3 (Groundball, 6S, EV 89.4 MPH)
|
Top of the 7th over - 0 runs, 0 hits, 0 errors, 0 left on base; Lehigh Valley 1 - Reno 0 |
BOTTOM OF THE 7TH |
Reno Aces batting - Pitching for Lehigh Valley IronPigs : RHP William-Floyd Goof
|
Batting: LHB Steve Reinhart
|
0-0: DOUBLE (Groundball, 5L, EV 103.1 MPH)
|
Batting: RHB Marlon Reda
|
0-0: Ball 1-0: Ball 2-0: Ball 3-0: Base on Balls
|
Pitching: RHP Ron Riley
|
|
Batting: RHB Xavier Castellanos
|
0-0: Sac Bunt to 23 - play at first, batter OUT! 3-4 Steve Reinhart to third Marlon Reda to second
|
Batting: RHB Danny Gerardo
|
0-0: Ball 1-0: Called Strike 1-1: Ball 2-1: Ball 3-1: Base on Balls
|
Batting: RHB Roberto Rodriguez
|
0-0: Called Strike 0-1: Ball 1-1: Ball 2-1: Called Strike 2-2: Strikes out swinging
|
Batting: LHB Kyle Beaulieu
|
0-0: Called Strike 0-1: Ball 1-1: Called Strike 1-2: Ball 2-2: Foul Ball, location: 2F 2-2: Strikes out looking
|
Bottom of the 7th over - 0 runs, 1 hit, 0 errors, 3 left on base; Lehigh Valley 1 - Reno 0 |
TOP OF THE 8TH |
Lehigh Valley IronPigs batting - Pitching for Reno Aces : RHP Jose Fernandez
|
Batting: LHB Theodore Conboy
|
0-0: Called Strike 0-1: Ball 1-1: SINGLE (Line Drive, 9LS, EV 106.2 MPH)
|
Batting: RHB Quintin Parker
|
0-0: Called Strike 0-1: Ball 1-1: Called Strike Theodore Conboy steals 2nd base 1-2: Strikes out swinging
|
Batting: LHB Jose Carlos
|
0-0: Ball 1-0: Swinging Strike 1-1: Ball 2-1: Ball 3-1: Base on Balls
|
Batting: RHB Jesus Galvan
|
0-0: Fly out, F8 (Flyball, 8RD, EV 100.0 MPH)
|
Batting: LHB Mike Davis
|
0-0: Swinging Strike 0-1: Foul Ball, location: 2F 0-2: Strikes out swinging
|
Top of the 8th over - 0 runs, 1 hit, 0 errors, 2 left on base; Lehigh Valley 1 - Reno 0 |
BOTTOM OF THE 8TH |
Reno Aces batting - Pitching for Lehigh Valley IronPigs : RHP Ron Riley
|
Pitching: RHP Marcos Tapia
|
|
Batting: RHB Ji-an Li
|
0-0: Called Strike 0-1: Called Strike 0-2: Strikes out swinging
|
Batting: RHB Seth Tramontano
|
0-0: Ball 1-0: Ball 2-0: Ball 3-0: Called Strike 3-1: Base on Balls
|
Batting: LHB Ian Jarvis
|
0-0: Ball 1-0: Swinging Strike 1-1: Fly out, F4 (Line Drive, 34D, EV 69.4 MPH)
|
Batting: LHB Steve Reinhart
|
0-0: Called Strike 0-1: Swinging Strike 0-2: Ball 1-2: Ball 2-2: Foul Ball, location: 2F 2-2: Foul Ball, location: 2F 2-2: Ball 3-2: Ground out 6-3 (Groundball, 6, EV 77.5 MPH)
|
Bottom of the 8th over - 0 runs, 0 hits, 0 errors, 1 left on base; Lehigh Valley 1 - Reno 0 |
TOP OF THE 9TH |
Lehigh Valley IronPigs batting - Pitching for Reno Aces : RHP Jose Fernandez
|
Pitching: LHP Afanasy Apatenko
|
|
Batting: RHB Moritake Fukumoto
|
0-0: Called Strike 0-1: Ball 1-1: Swinging Strike 1-2: Strikes out swinging
|
Batting: SHB Benjamin Brown
|
0-0: Called Strike 0-1: Foul Ball, location: 2F 0-2: Ground out 6-3 (Groundball, 6, EV 108.8 MPH)
|
Batting: RHB Charles Marcel
|
0-0: Ground out 1-3 (Groundball, 13S, EV 68.1 MPH)
|
Top of the 9th over - 0 runs, 0 hits, 0 errors, 0 left on base; Lehigh Valley 1 - Reno 0 |
BOTTOM OF THE 9TH |
Reno Aces batting - Pitching for Lehigh Valley IronPigs : RHP Marcos Tapia
|
Pitching: RHP Chris Perteet
|
|
Batting: RHB Marlon Reda
|
0-0: Ball 1-0: Called Strike 1-1: Swinging Strike 1-2: Strikes out swinging
|
Batting: RHB Xavier Castellanos
|
0-0: Ball 1-0: SINGLE (Groundball, 56S, EV 74.4 MPH) (infield hit)
|
Batting: RHB Danny Gerardo
|
0-0: Fielders Choice at 2nd, 6-4 (Groundball, 6, EV 102.5 MPH)
|
Batting: RHB Roberto Rodriguez
|
0-0: Foul Ball, location: 2F 0-1: Ball 1-1: Ball 2-1: Ball 3-1: Base on Balls Danny Gerardo to second
|
Batting: LHB Kyle Beaulieu
|
0-0: Fly out, F8 (Flyball, 8RS, EV 83.1 MPH)
|
Bottom of the 9th over - 0 runs, 1 hit, 0 errors, 2 left on base; Lehigh Valley 1 - Reno 0 |
|